[Event "ICC tourney 2825 (30 10)"]
[Site "Internet Chess Club"]
[Date "2022.02.12"]
[Round "5"]
[White "MADSEN, STUART:gmstuartscott"]
[Black "SHANKAR, NEAL:NealShankar4"]
[Result "0-1"]
[ICCResult "White resigns"]
[WhiteElo "717"]
[BlackElo "1003"]
[Opening "Queen's gambit declined"]
[ECO "D30"]
[NIC "QP.08"]
[Time "20:04:04"]
[PlyCount "88"]
[TimeControl "1800+10"]

1. d4 d5 2. c4 e6 3. Nf3 Nf6 4. a3 Bd6 5. Nc3 O-O 6. e3 Re8 7. Bd3 dxc4 8.
Bxc4 c5 9. O-O Qc7 10. g3 b6 11. Bd3 c4 12. Bc2 Bb7 13. Re1 Nbd7 14. e4 Be7
15. e5 Nd5 16. Bxh7+ Kxh7 17. Ng5+ Bxg5 18. Qh5+ Bh6 19. Bxh6 gxh6 20. Qxf7+
Kh8 21. Re4 Re7 22. Qh5 Nxc3 23. Rh4 Nf8 24. Qxh6+ Rh7 25. Qf6+ Qg7 26.
Rxh7+ Nxh7 27. Qh4 Ne2+ 28. Kf1 Bf3 29. a4 Qg5 30. Ra3 Qxh4 31. gxh4 Bh5 32.
f3 Nxd4 33. f4 Rf8 34. Kf2 Rxf4+ 35. Ke1 Nc2+ 36. Kd2 Nxa3 37. bxa3 Rxh4 38.
Kc3 Be2 39. Kb4 Rxh2 40. Kb5 c3+ 41. Kc6 c2 42. Kd6 c1=Q 43. Kxe6 Ng5+ 44.
Kf6 Qf4+ {White resigns} 0-1

[Event "ICC tourney 2825 (30 10)"]
[Site "Internet Chess Club"]
[Date "2022.02.12"]
[Round "5"]
[White "HELLER, JACK G:Maximusiv"]
[Black "PADIYAR, SUNMAY:sunmay12"]
[Result "0-1"]
[ICCResult "White resigns"]
[WhiteElo "1005"]
[BlackElo "1320"]
[Opening "Evans gambit"]
[ECO "C52"]
[NIC "IG.05"]
[Time "20:00:59"]
[PlyCount "54"]
[TimeControl "1800+10"]

1. e4 e5 2. Nf3 Nc6 3. Bc4 Bc5 4. b4 Bxb4 5. c3 Ba5 6. d4 exd4 7. Qb3 Qe7 8.
O-O Nf6 9. Ba3 d6 10. Re1 Ne5 11. Nxe5 Qxe5 12. Bxf7+ Kf8 13. cxd4 Qe7 14.
Bc4 Bxe1 15. Nc3 Bxc3 16. Qxc3 Nxe4 17. Qf3+ Nf6 18. g4 Qe4 19. Qg3 Qxg4 20.
Kh1 Qxg3 21. hxg3 Bg4 22. Bb5 g6 23. Re1 Bf3+ 24. Kh2 Kf7 25. Bc4+ Bd5 26.
Rc1 Bxc4 27. Rxc4 Nd5 {White resigns} 0-1

[Event "ICC tourney 2825 (30 10)"]
[Site "Internet Chess Club"]
[Date "2022.02.12"]
[Round "5"]
[White "COLLIER, ZANE:K06-30119849"]
[Black "WESLEY, GEORGE:Maglars"]
[Result "1-0"]
[ICCResult "Black checkmated"]
[WhiteElo "871"]
[BlackElo "1026"]
[Opening "King's Indian: Makagonov system (5.h3)"]
[ECO "E71"]
[NIC "KI.31"]
[Time "20:01:01"]
[PlyCount "61"]
[TimeControl "1800+10"]

1. d4 Nf6 2. c4 g6 3. Nc3 Bg7 4. e4 d6 5. h3 e6 6. Bg5 O-O 7. Nf3 Re8 8. Be2
c5 9. d5 exd5 10. cxd5 Qb6 11. Qb3 Qc7 12. O-O Nxe4 13. Bb5 Bd7 14. Rae1 f5
15. Nxe4 fxe4 16. Bxd7 Qxd7 17. Nd2 Re5 18. f4 Rf5 19. g4 Rf7 20. Rxe4 h5
21. gxh5 b6 22. Rfe1 Na6 23. Re7 Qxh3 24. Qxh3 Rf5 25. Re8+ Rxe8 26. Rxe8+
Kf7 27. Re7+ Kf8 28. h6 Bh8 29. h7 Rxd5 30. Qh6+ Bg7 31. h8=Q#
{Black checkmated}
1-0

[Event "ICC tourney 2825 (30 10)"]
[Site "Internet Chess Club"]
[Date "2022.02.12"]
[Round "5"]
[White "RAVAL, MEET:K09-30125723"]
[Black "Agahian, Ryan:AgahianR"]
[Result "1-0"]
[ICCResult "Black checkmated"]
[WhiteElo "1197"]
[BlackElo "1046"]
[Opening "Catalan: open, 5.Nf3"]
[ECO "E04"]
[NIC "CA.03"]
[Time "20:00:59"]
[PlyCount "109"]
[TimeControl "1800+10"]

1. d4 d5 2. c4 e6 3. g3 Nf6 4. Bg2 dxc4 5. Nf3 Nc6 6. O-O Bd6 7. Qc2 O-O 8.
Qxc4 e5 9. d5 Ne7 10. e4 c6 11. Nc3 cxd5 12. Nxd5 Be6 13. Nxf6+ gxf6 14. Qe2
Rc8 15. b3 Kh8 16. Nh4 Rg8 17. Kh1 Qd7 18. f4 exf4 19. Bxf4 Bxf4 20. Rxf4
Nc6 21. Rxf6 Qd4 22. Raf1 Nb4 23. Qf2 Qd7 24. Qf3 Bg4 25. Rxf7 Bxf3 26. Rxd7
Bxg2+ 27. Kxg2 Rg7 28. Rff7 Rxf7 29. Rxf7 Rc2+ 30. Kh3 Rxa2 31. Rxb7 a5 32.
Nf5 Kg8 33. e5 Ra3 34. Nd4 h6 35. e6 Kf8 36. e7+ Kf7 37. Nf5 Rxb3 38. Rb8
Re3 39. Nxe3 Kxe7 40. Rb6 h5 41. Kh4 Nd3 42. Ra6 a4 43. Rxa4 Nc5 44. Ra7+
Kf6 45. Kxh5 Ne4 46. g4 Ke6 47. g5 Nc5 48. g6 Kf6 49. g7 Ne4 50. g8=Q Ng3+
51. hxg3 Ke5 52. Qd5+ Kf6 53. Ra6+ Ke7 54. Qb7+ Kf8 55. Ra8# {Black
checkmated} 1-0

[Event "ICC tourney 2825 (30 10)"]
[Site "Internet Chess Club"]
[Date "2022.02.12"]
[Round "5"]
[White "SUNDARAM, KAVIN:weirdchicken"]
[Black "SREEKUMAR MALIEKAL, BALAKRISHNAN:mindgame1234"]
[Result "0-1"]
[ICCResult "White checkmated"]
[WhiteElo "882"]
[BlackElo "1109"]
[Opening "Two knights defense"]
[ECO "C55"]
[NIC "IG.01"]
[Time "20:01:00"]
[PlyCount "78"]
[TimeControl "1800+10"]

1. e4 e5 2. Nf3 Nc6 3. Bc4 Nf6 4. O-O Bc5 5. Re1 d6 6. h3 O-O 7. c3 Re8 8.
d4 Bb6 9. Bg5 h6 10. Bh4 g5 11. Nxg5 hxg5 12. Bxg5 Kg7 13. dxe5 Nxe5 14. Bb3
Be6 15. Kh1 Qd7 16. f4 Bxh3 17. Bxf6+ Kxf6 18. fxe5+ Ke7 19. exd6+ cxd6 20.
Qf3 Be6 21. g3 Rh8+ 22. Kg2 Bh3+ 23. Kh2 Bg4+ 24. Kg2 Bxf3+ 25. Kxf3 Rh3 26.
Rf1 Rg8 27. Ke2 Rg7 28. Nd2 Rhxg3 29. Nf3 Qg4 30. Rf2 Rg2 31. Rf1 Bxf2 32.
Rxf2 Rxf2+ 33. Kxf2 Qg2+ 34. Ke3 Rg3 35. Bd1 Qxb2 36. Kf4 Rg7 37. Bb3 Qxc3
38. Nh4 Qg3+ 39. Kf5 Rg5# {White checkmated} 0-1

[Event "ICC tourney 2825 (30 10)"]
[Site "Internet Chess Club"]
[Date "2022.02.12"]
[Round "5"]
[White "Pe, Joe Mari:jmpe"]
[Black "Francis-Emonds, Nico Maximilian:nemonds9"]
[Result "0-1"]
[ICCResult "White resigns"]
[WhiteElo "1291"]
[BlackElo "1372"]
[Opening "English opening"]
[ECO "A10"]
[NIC "EO.64"]
[Time "20:01:02"]
[PlyCount "140"]
[TimeControl "1800+10"]

1. c4 d5 2. cxd5 Qxd5 3. Nc3 Qd8 4. d3 g6 5. g3 Bg7 6. Bg2 e6 7. Bd2 c6 8.
Qc1 b6 9. Nf3 Bb7 10. Bf4 a6 11. Ne4 Bf8 12. Qc3 f6 13. Nd4 e5 14. Ne6 Qe7
15. Nxf8 exf4 16. Qb3 Kxf8 17. Qxb6 fxg3 18. hxg3 c5 19. Kf1 Bxe4 20. Bxe4
Nd7 21. Qc6 Re8 22. e3 f5 23. Bg2 Qe6 24. Qc7 Ngf6 25. Rh4 Qb6 26. Qf4 Qxb2
27. Qd6+ Re7 28. Rd1 Qxa2 29. Rc4 Kf7 30. Bd5+ Nxd5 31. Qxd5+ Kg7 32. Qd6
Rhe8 33. g4 fxg4 34. Rxg4 Qe6 35. Qg3 Rf8 36. Kg2 Qd5+ 37. e4 Qe6 38. Rh1
Qf6 39. Rgh4 Kg8 40. f4 a5 41. Rg4 Rg7 42. Rh6 a4 43. Qh3 a3 44. Rgh4 Rff7
45. e5 Qf5 46. e6 Qxh3+ 47. Rxh3 Rxf4 48. exd7 Rxd7 49. Re3 Ra4 50. Rh1 Rb7
51. Ra1 Rb2+ 52. Kf3 a2 53. Ree1 Kf7 54. Rh1 h5 55. Ke3 Kf6 56. Rhf1+ Kg5
57. Rg1+ Kh6 58. Rgc1 Ra5 59. Rg1 g5 60. Rgf1 h4 61. Rf6+ Kh5 62. Rff1 h3
63. d4 Ra3+ 64. Ke4 Ra4 65. Kf5 cxd4 66. Rg1 Rg2 67. Rh1 Rf2+ 68. Ke4 Kg4
69. Rag1+ Rg2 70. Rd1 h2 {White resigns} 0-1